 Dungeon Crawl Stone Soup version 0.31-a0-1074-g0b22e4e0f1 (webtiles) character file.

Game seed: 4535660850101134991

281683 croobank the Warrior (level 20, -9/183 HPs)
             Began as an Octopode Shapeshifter on Dec 7, 2023.
             Was the Champion of Ashenzari.
             Killed from afar by a deep elf annihilator (37 damage)
             ... with a poison arrow
             ... on level 3 of the Elven Halls.
             The game lasted 02:24:19 (58899 turns).

croobank the Warrior (Octopode Shapeshifter)       Turns: 58899, Time: 02:24:20

Health: -9/183     AC: 15    Str: 28    XL:     20   Next: 51%
Magic:  1/36       EV: 32    Int: 38    God:    Ashenzari [******]
Gold:   483        SH:  5    Dex: 21    Spells: 18/43 levels left

rFire   . . .        o - melded +9 dagger of the Bound Polytheism {drain, Cun, Elem} (curse)
rCold   . . .        Z - melded +4 kite shield "Shattered Together" {AC+3, Bglg, Melee} (curse)
rNeg    + . .        V - melded +2 hat "Insecurity of Ashenzari" {Fort, Bglg} (curse)
rPois   .            P - amulet "Restrained Entitlement" {Reflect SH+5, Melee, Alch} (curse)
rElec   .            T - ring of Ashenzari's Irritation {EV+5, Fort, Comp} (curse)
rCorr   +            e - ring of the Astral Seer {rN+, Melee, Comp} (curse)
SInv    +            j - ring "I Foresaw This" {AC+4, Fort, Cun} (curse)
Will    +....        v - ring of Apeoromancy {EV+5, Melee, Alch} (curse)
Stlth   ++           f - ring "Scepticism of Ashenzari" {Str+6, Elem, Alch} (curse)
HPRegen 0.50/turn    y - ring "Ensconced Vision" {Int+6, Melee, Self} (curse)
MPRegen 0.25/turn    k - ring of Ashenzari's Scepticism {Fly rCorr Str+3 Int+6 Dex+3, Elem, Dev} (curse)
                     I - ring "Cryptic Adversity" {Dex+6, Bglg, Comp} (curse)

%: reflection, clarity
@: lethally poisoned (-9 -> -23), snake-form, flying, hasted, very quick
A: constrict, boosted hp, almost no armour, amphibious, 8 rings, large,
(camouflage 1), (gelatinous body 1), (nimble swimmer 1), (tentacles)
}: 2/15 runes: decaying, serpentine
a: Begin Untransformation, Renounce Religion, Shatter the Chains


You were on level 3 of the Elven Halls.
You worshipped Ashenzari.
Ashenzari was exalted by your worship.
You were an enormous anaconda.
You visited 7 branches of the dungeon, and saw 34 of its levels.
You visited the Abyss 2 times.
You visited 1 bazaar.
You also visited: Sewer and Ossuary.

You collected 3186 gold pieces.
You spent 2703 gold pieces at shops.

Inventory:

Hand Weapons
 o - the cursed +9 dagger of the Bound Polytheism (melded) {drain, Cun, Elem}
   (You took it off a goblin on level 3 of the Dungeon)

   It has a curse which improves the following skills: Cunning: Dodging and
   Stealth.
   Elements:  Fire Magic, Ice Magic, Air Magic and Earth Magic.
Armour
 V - the cursed +2 hat "Insecurity of Ashenzari" (melded) {Fort, Bglg}
   (You found it on level 3 of the Lair of Beasts)

   It has a curse which improves the following skills: Fortitude: Shields.
   Beguiling: Conjurations, Hexes and Translocations.
 Z - the cursed +4 kite shield "Shattered Together" (melded) {AC+3, Bglg, Melee}
   (You took it off a tengu warrior on level 14 of the Dungeon)

   It has a curse which improves the following skills: Beguiling: Conjurations,
   Hexes and Translocations.
   Melee Combat: Short Blades, Long Blades, Axes, Maces & Flails, Polearms,
   Staves and Unarmed Combat.
Jewellery
 e - the cursed ring of the Astral Seer (right tentacle) {rN+, Melee, Comp}
   (You found it on level 1 of the Dungeon)

   [ring of positive energy]

   rN+:       It protects you from negative energy.
   It has a curse which improves the following skills: Melee Combat: Short
   Blades, Long Blades, Axes, Maces & Flails, Polearms, Staves and Unarmed
   Combat.
   Companions: Summonings and Necromancy.
 f - the cursed ring "Scepticism of Ashenzari" (on tentacle) {Str+6, Elem, Alch}
   (You acquired it on level 5 of the Dungeon)

   [ring of strength]

   Str+6:     It affects your strength (+6).
   It has a curse which improves the following skills: Elements: Fire Magic, Ice
   Magic, Air Magic and Earth Magic.
   Alchemy:   Poison Magic and Transmutations.
 j - the cursed ring "I Foresaw This" (on tentacle) {AC+4, Fort, Cun}
   (You found it on level 1 of the Dungeon)

   [ring of protection]

   AC+4:      It affects your AC (+4).
   It has a curse which improves the following skills: Fortitude: Shields.
   Cunning:   Dodging and Stealth.
 k - the cursed ring of Ashenzari's Scepticism (on tentacle) {Fly rCorr Str+3 Int+6 Dex+3, Elem, Dev}
   (You found it on level 3 of the Snake Pit)

   [ring of intelligence]

   Str+3:     It affects your strength (+3).
   Int+6:     It affects your intelligence (+6).
   Dex+3:     It affects your dexterity (+3).
   Fly:       It grants you flight.
   rCorr:     It protects you from acid and corrosion.
   It has a curse which improves the following skills: Elements: Fire Magic, Ice
   Magic, Air Magic and Earth Magic.
   Devices:   Evocations and Shapeshifting.
 v - the cursed ring of Apeoromancy (on tentacle) {EV+5, Melee, Alch}
   (You found it on level 2 of the Dungeon)

   [ring of evasion]

   EV+5:      It affects your evasion (+5).
   It has a curse which improves the following skills: Melee Combat: Short
   Blades, Long Blades, Axes, Maces & Flails, Polearms, Staves and Unarmed
   Combat.
   Alchemy:   Poison Magic and Transmutations.
 y - the cursed ring "Ensconced Vision" (on tentacle) {Int+6, Melee, Self}
   (You found it on level 6 of the Dungeon)

   [ring of intelligence]

   Int+6:     It affects your intelligence (+6).
   It has a curse which improves the following skills: Melee Combat: Short
   Blades, Long Blades, Axes, Maces & Flails, Polearms, Staves and Unarmed
   Combat.
   Introspection: Fighting and Spellcasting.
 A - a ring of poison resistance
 G - a +6 ring of intelligence
 I - the cursed ring "Cryptic Adversity" (on tentacle) {Dex+6, Bglg, Comp}
   (You found it on level 8 of the Dungeon)

   [ring of dexterity]

   Dex+6:     It affects your dexterity (+6).
   It has a curse which improves the following skills: Beguiling: Conjurations,
   Hexes and Translocations.
   Companions: Summonings and Necromancy.
 O - a ring of fire
 P - the cursed amulet "Restrained Entitlement" (around neck) {Reflect SH+5, Melee, Alch}
   (You found it on level 11 of the Dungeon)

   [amulet of reflection]

   Reflect:   It reflects blocked missile attacks.
   SH+5:      It affects your SH (+5).
   It has a curse which improves the following skills: Melee Combat: Short
   Blades, Long Blades, Axes, Maces & Flails, Polearms, Staves and Unarmed
   Combat.
   Alchemy:   Poison Magic and Transmutations.
 T - the cursed ring of Ashenzari's Irritation (left tentacle) {EV+5, Fort, Comp}
   (You found it on level 3 of the Lair of Beasts)

   [ring of evasion]

   EV+5:      It affects your evasion (+5).
   It has a curse which improves the following skills: Fortitude: Shields.
   Companions: Summonings and Necromancy.
Talismans
 c - a flux talisman
 p - a beast talisman
 E - the serpent talisman of Spaghetti (active) {Int+6}
   (You took it off Aizul on level 3 of the Snake Pit)

   [serpent talisman]

   Int+6:     It affects your intelligence (+6).
 Y - a granite talisman
Wands
 q - a wand of roots (1)
 t - a wand of flame (38)
 C - a wand of acid (13)
 L - a wand of charming (19)
 N - a wand of mindburst (6)
 W - a wand of digging (7)
Scrolls
 u - a scroll of butterflies
 x - a scroll of silence
 B - 2 scrolls of teleportation
 D - a scroll of fear
 F - 2 scrolls of vulnerability
 H - 3 scrolls of fog
 J - a scroll of poison
 K - 3 scrolls of enchant weapon
 M - 5 scrolls of amnesia
 R - a scroll of immolation
 S - 2 scrolls of torment
Potions
 a - 6 potions of lignification
 b - 3 potions of heal wounds
 d - a potion of brilliance
 h - 3 potions of might
 i - 5 potions of attraction
 l - 6 potions of curing
 m - 10 potions of mutation
 n - 6 potions of resistance
 r - 4 potions of ambrosia
 s - 4 potions of berserk rage
 w - 3 potions of cancellation
 z - 3 potions of invisibility
 U - a potion of haste
Miscellaneous
 g - a phial of floods
 X - a lightning rod (2/4)


   Skills:
 + Level 15.3(17.6) Fighting
 - Level 12.2(17.9) Short Blades
 + Level 15.3(17.6) Dodging
 - Level 6.4(10.0) Shields
 * Level 11.4(17.1) Unarmed Combat
 - Level 9.8(12.3) Spellcasting
 - Level 6.0(8.5) Conjurations
 - Level 4.5(6.8) Hexes
 - Level 8.7(13.4) Necromancy
 - Level 7.5(10.0) Translocations
 - Level 4.4(8.8) Transmutations
 - Level 6.0(9.6) Air Magic
 - Level 8.8(12.4) Earth Magic
 + Level 11.7(14.1) Shapeshifting


You had 18 spell levels left.
You knew the following spells:

 Your Spells              Type           Power      Damage    Failure   Level
a - Blink                 Tloc           100%       N/A       1%          2
b - Manifold Assault      Tloc           79%        N/A       1%          4
c - Tukima's Dance        Hex            66%        N/A       1%          3
d - Borgnjor's Vile Clut  Necr/Erth      44%        N/A       1%          5
e - Yara's Violent Unrav  Hex/Tmut       35%        3d14      1%          5
f - Arcjolt               Conj/Air       37%        1d47      1%          5
g - Apportation           Tloc           100%       N/A       1%          1

Your spell library contained the following spells:

 Spells                   Type           Power      Damage    Failure   Level
 Sublimation of Blood     Necr           90%        N/A       0%          2
 Kiss of Death            Conj/Necr      100%       2d13      1%          1
 Shock                    Conj/Air       100%       1d9       1%          1
 Jinxbite                 Hex            100%       N/A       1%          2
 Lesser Beckoning         Tloc           100%       N/A       1%          2
 Momentum Strike          Conj/Tloc      100%       3d10      1%          2
 Wereblood                Tmut           74%        N/A       1%          2
 Hailstorm                Conj/Ice       55%        3d12      1%          3
 Stone Arrow              Conj/Erth      100%       3d13      1%          3
 Swiftness                Air            77%        N/A       1%          3
 Airstrike                Air            38%        2d(6-22)  1%          4
 Brom's Barrelling Bould  Conj/Erth      80%        2d9       1%          4
 Passage of Golubria      Tloc           79%        N/A       1%          4
 Vhi's Electric Charge    Tloc/Air       100%       N/A       1%          4
 Iskenderun's Battlesphe  Conj           73%        2d12      1%          5
 Silence                  Hex/Air        36%        N/A       1%          5
 Ozocubu's Armour         Ice            27%        N/A       4%          3
 Alistair's Intoxication  Tmut/Pois      37%        N/A       6%          5
 Conjure Ball Lightning   Conj/Air       37%        3x3d12    6%          6
 Fireball                 Conj/Fire      27%        3d12      7%          5
 Plasma Beam              Fire/Air       29%        2x1d41    30%         6
 Eringya's Noxious Bog    Tmut/Pois      28%        4d6       34%         6
 Orb of Destruction       Conj           36%        9d11      38%         7
 Disjunction              Tloc           39%        N/A       86%         8
 Maxwell's Capacitive Co  Air            38%        ∞         90%         8
 Discord                  Hex            33%        N/A       99%         8
 Ozocubu's Refrigeration  Ice            13%        4d10      100%        7
 Summon Hydra             Summ           14%        N/A       100%        7
 Chain Lightning          Conj/Air       37%        3d50      100%        9
 Fire Storm               Conj/Fire      27%        8d7       100%        9
 Shatter                  Erth           43%        3d34*     100%        9


Dungeon Overview and Level Annotations

Branches:
Dungeon (15/15)            Temple (1/1) D:4            Lair (5/5) D:11
  Swamp (4/4) Lair:2        Snake (4/4) Lair:3        Slime (0/5) Lair:4
    Orc (2/2) D:10            Elf (3/3) Orc:2        Vaults (0/5) D:13
 Depths (0/4) D:15          Sewer (visited)         Ossuary (visited)

Altars:
Ashenzari
Cheibriados
Dithmenos
Elyvilon
Fedhas
Gozag
Hepliaklqana
Kikubaaqudgha
Makhleb
Nemelex Xobeh
Okawaru
Qazlal
Ru
Sif Muna
Trog
Uskayaw
Vehumet
Wu Jian
Xom
Yredelemnul
Zin
The Shining One
Jiyva

Shops:
D:4 (   D:9 ?   D:10 ?   Orc:2 [[[?(   Elf:3 :=:   Snake:1 *

Annotations:
Elf:1 1 runed translucent door
Elf:3 3 runed translucent doors, pigah's ghost, adept OpSh


Innate Abilities, Weirdness & Mutations

You are an enormous anaconda.
You have a powerful constriction melee attack.
Your maximum health is increased.
Your armour is entirely melded.
You are incapable of wielding weapons or throwing items.
You cannot wear most types of armour.
You are amphibious.
You can wear up to eight rings at the same time.
((Your skin changes colour to match your surroundings (Stealth+).))
((Your rubbery body absorbs attacks. (AC +1, EV +1)))
((You are camouflaged when in or above water. (Stealth+)))
((You have tentacles for arms and can constrict up to eight enemies at once.))


Message History

Casting: Yara's Violent Unravelling (mildly dangerous; 1% risk of failure)
Confirm with . or Enter, or press ? or * to list all spells.
Aiming: Yara's Violent Unravelling (mildly dangerous; 1% risk of failure)
Press: ? - help, Dir - move target, f - deep elf annihilator
Aim: a deep elf annihilator, wielding a +0 long sword The deep elf annihilator has no magical effects to unravel.
Okay, then.
The zombie hands lose their grip on something.
You feel yourself speed up.
Casting: Yara's Violent Unravelling (mildly dangerous; 1% risk of failure)
Confirm with . or Enter, or press ? or * to list all spells.
Aiming: Borgnjor's Vile Clutch (mildly dangerous; 1% risk of failure)
Press: ? - help, Shift-Dir - straight line, f - ghostly deep elf death mage
Aim: a ghostly deep elf death mage, wielding a +6 executioner's axe of electrocution, wearing a +0 ring mail and wearing a ring of protection from fire (100% to hit)
Zombie hands grab the ghostly deep elf death mage.
The zombie hands constrict the ghostly deep elf death mage.
The ghostly deep elf death mage struggles to escape constriction.
The zombie hands constrict the ghostly deep elf death mage.
The zombie hands constrict the ghostly deep elf death mage.
The ghostly deep elf death mage escapes!
Items here: )) / [.
Items here: ))) [ ÷÷.
The deep elf pyromancer shouts!
Pigah's ghost says, "You're as good as gold."
Things that are here:
a +0 rapier; a +0 rapier; a +0 leather armour You see here a +4 battleaxe of freezing.
You see here a +0 falchion.
The ghostly deep elf death mage enters a dispersal trap!
You blink.
You enter the Zot trap.
The power of Zot is invoked against you!
You suddenly feel drained of magical energy!
The ghostly deep elf death mage blinks!
There is a Zot trap here.
Things that are here:
a +0 scimitar; a +0 ring mail; 21 gold pieces The deep elf annihilator points at you and mumbles some strange words.
The poison arrow hits you!!!
You are poisoned.
You die...

#.# ##.....## ♣ #.# ##...##
####.# ##..### ##....#
#.)...#####*** ##...###
#..........,,,
##.###.#########[....#####***
##.## ##.#..........#####
#.## ##.........).....# #.#
#....S......###.# #.##
##.).........# *.# ##.##
##.#...)...#.##**,#
##.###.##.)...........,*
##...###.^.e.########** ##
##### #....^#{...⌠# ##.
#.^.).#e{.#.# ##..
#..^)^#e.^..# ##...
#..)^.#e#{#.# ##....


You could see a deep elf annihilator.

Vanquished Creatures
  Mara (Snake:2)
  Vashnia (Snake:3)
  3 deep elf blademasters
  Asterion (Snake:2)
  A deep elf master archer (Elf:3)
  A tentacled starspawn (Abyss:4)
  6 nagarajas
  Donald (Swamp:3)
  Roxanne (Elf:2)
  Aizul (Snake:3)
  3 deep elf sorcerers
  6 deep elf elementalists
  A stone giant (D:15)
  6 deep elf annihilators
  4 eleionomae
  3 deep elf demonologists
  The ghost of BigPumpCobain the Severer, a journeyman MiFi of Wu Jian (Lair:1)
  A minotaur (D:11)
  An entropy weaver (shapeshifter) (D:13)
  2 deep elf death magi (Elf:3)
  Josephine (Swamp:1)
  3 deep elf high priests
  4 fire dragons
  3 salamander tyrants
  A ghost crab (Swamp:1)
  3 ogre magi
  9 alligators
  A merfolk avatar (Lair:5)
  14 hydras
  7 anacondas
  6 centaur warriors
  5 death yaks (Lair:1)
  14 two-headed ogres
  A merfolk aquamancer (D:15)
  13 naga warriors
  23 dancing weapons
  6 boulder beetles
  5 orc high priests (Orc:2)
  6 tengu warriors
  15 naga sharpshooters
  3 shock serpents
  15 deep elf knights
  4 skeletal warriors (D:13)
  4 skysharks (Lair:5)
  A spectral death yak (Lair:1)
  Lodul (D:11)
  5 goliath frogs
  2 salamander mystics (Snake:4)
  The ghost of Jeffwins the Skirmisher, a novice VSHs of Vehumet (D:11)
  3 spriggan druids
  9 swamp dragons
  2 sea snakes (Lair:5)
  3 naga ritualists
  5 deep elf archers
  2 bog bodies
  4 lindwurms (Swamp:4)
  19 deep elf pyromancers
  10 orc knights
  24 deep elf zephyrmancers
  10 mana vipers
  10 salamanders
  6 manticores
  12 ugly things
  2 cyclopes
  4 will-o-the-wisps
  2 elephants (Lair:5)
  3 water nymphs (D:15)
  2 guardian serpents (Snake:4)
  9 cane toads
  3 centaur skeletons (D:13)
  19 naga magi
  Joseph (D:7)
  32 black mambas
  4 torpor snails
  3 kobold demonologists
  2 unseen horrors
  2 gargoyles
  4 rime drakes
  A yaktaur (D:13)
  Jeremiah (D:8)
  12 komodo dragons
  A bloated husk (Swamp:2)
  9 trolls
  10 tyrant leeches
  8 polar bears
  20 blink frogs
  5 hornets
  A raiju (shapeshifter) (D:14)
  4 dream sheep (Lair:2)
  3 snapping turtles (Lair:5)
  15 slime creatures
  A spectral black mamba (Lair:1)
  4 spriggans
  A shadow (D:10)
  2 air elementals
  3 small abominations
  A vampire (D:13)
  6 wyverns
  5 wraiths
  4 basilisks
  A water elemental (Elf:2)
  48 yaks
  A golden eye (shapeshifter) (Elf:1)
  2 spectral komodo dragons (Lair:1)
  18 vampire mosquitoes
  4 wargs
  Menkaure (D:7)
  A steam dragon (Lair:5)
  6 swamp worms
  54 nagas
  2 acid dragons
  2 hydra simulacra (Lair:1)
  15 water moccasins
  A black bear (shapeshifter) (D:13)
  29 orc warriors
  A sky beast (D:7)
  A meliai simulacrum (D:14)
  10 swamp drakes
  Pargi (Sewer)
  20 ogres
  2 wolves (Lair:3)
  8 boggarts (D:14)
  7 centaurs
  2 kobold brigands
  2 phantoms (D:5)
  2 elf zombies (Ossuary)
  2 earth elementals
  3 scorpions
  16 bullfrogs
  11 wights
  A cane toad simulacrum (Lair:1)
  3 killer bees (D:8)
  3 electric eels
  6 howler monkeys
  A komodo dragon simulacrum (Lair:1)
  2 centaur zombies (Ossuary)
  A human zombie (Ossuary)
  5 hounds
  A jelly (D:5)
  27 orc priests
  2 gnoll boudas
  3 iguanas
  22 orc wizards
  6 hell rats (D:7)
  A boggart skeleton (D:13)
  2 mummies (Ossuary)
  11 gnolls
  13 river rats (D:7)
  9 adders
  A white imp (D:8)
  2 adder zombies (Ossuary)
  2 worms
  3 dart slugs
  75 orcs
  7 endoplasms
  2 giant cockroaches (D:3)
  10 goblins
  4 hobgoblins
  4 jackals (D:1)
  2 quokkas
  7 ball pythons
  6 bats
  6 frilled lizards
  2 goblin zombies (Ossuary)
  7 hobgoblin zombies (Ossuary)
  A jackal zombie (Ossuary)
  25 kobolds
  12 kobold zombies (Ossuary)
  6 orc zombies (Ossuary)
  6 rats
  A rat zombie (Ossuary)
1132 creatures vanquished.

Vanquished Creatures (collateral kills)
  Urug (Lair:5)
1 creature vanquished.

Vanquished Creatures (others)
  2 will-o-the-wisps (Swamp:1)
  A bloated husk (Swamp:1)
  A dancing weapon (Snake:3)
  A boggart (D:15)
  20 foxfires
25 creatures vanquished.

Grand Total: 1158 creatures vanquished

Notes
Turn   | Place    | Note
-------+----------+-------------------------------------------
     0 | D:1      | croobank the Octopode Shapeshifter began the quest for the
                  | Orb.
     0 | D:1      | Reached XP level 1. HP: 13/13 MP: 1/1
    66 | D:1      | Reached XP level 2. HP: 12/18 MP: 2/2
   297 | D:1      | Reached XP level 3. HP: 18/23 MP: 3/3
  1252 | D:3      | Found a faded altar of an unknown god.
  1293 | D:3      | Reached XP level 4. HP: 11/29 MP: 4/4
  1549 | D:3      | Found a glowing drain.
  1567 | D:3      | Reached XP level 5. HP: 32/34 MP: 5/5
  1570 | Sewer    | Entered a sewer
  1586 | Sewer    | Noticed Pargi
  1590 | Sewer    | Killed Pargi
  2368 | D:2      | Reached XP level 6. HP: 41/41 MP: 6/6
  3019 | D:4      | Found a staircase to the Ecumenical Temple.
  3114 | Temple   | Entered the Ecumenical Temple
  3128 | Temple   | Became a worshipper of Ashenzari the Shackled
  3349 | D:4      | Found Okohuuf's Antique Weapon Boutique.
  3582 | D:5      | Entered Level 5 of the Dungeon
  3661 | D:5      | Reached skill level 1 in Short Blades
  3663 | D:5      | Found a sand-covered staircase.
  3675 | D:5      | Learned a level 2 spell: Blink
  3676 | Ossuary  | Entered an ossuary
  3902 | Ossuary  | Reached XP level 7. HP: 40/46 MP: 7/7
  3926 | Ossuary  | Reached skill level 1 in Spellcasting
  3926 | Ossuary  | Reached skill level 1 in Translocations
  4155 | D:5      | Identified 2 scrolls of acquirement
  4155 | D:5      | Acquired a +6 ring of strength
  4388 | D:5      | Reached XP level 8. HP: 53/53 MP: 11/11
  4441 | D:5      | Found a sacrificial altar of Ru.
  4601 | D:6      | Reached * piety under Ashenzari
  4903 | D:6      | Acquired the ring "Funannim" {rC+ Str+2}
  5019 | D:6      | Identified the +0 helmet "Xaeredum" {Stlth+}
  5279 | D:7      | Reached XP level 9. HP: 61/61 MP: 14/16
  5289 | D:7      | Learned a level 4 spell: Manifold Assault
  5308 | D:7      | Reached skill level 5 in Dodging
  5506 | D:7      | Noticed Menkaure
  5514 | D:7      | Killed Menkaure
  5514 | D:7      | Noticed Joseph
  5515 | D:7      | Reached skill level 5 in Translocations
  5524 | D:7      | Killed Joseph
  5525 | D:7      | Reached skill level 5 in Fighting
  5531 | D:7      | Reached skill level 5 in Spellcasting
  5671 | D:7      | Reached ** piety under Ashenzari
  5768 | D:7      | Found the +2 ratskin cloak {*Rats rPois rN+ Str-1 Int-1
                  | Dex+1}
  6001 | D:8      | You fall into a shaft and drop 1 floor!
  6158 | D:9      | Reached XP level 10. HP: 62/69 MP: 18/20
  6221 | D:9      | Found Sukliuw's Magic Scroll Boutique.
  6221 | D:9      | Noticed a kobold demonologist
  6228 | D:9      | Killed a kobold demonologist
  6235 | D:9      | Bought a scroll of fog for 56 gold pieces
  6235 | D:9      | Bought a scroll of blinking for 105 gold pieces
  6235 | D:9      | Bought a scroll of enchant weapon for 105 gold pieces
  6360 | D:8      | Noticed Jeremiah
  6370 | D:8      | Killed Jeremiah
  6371 | D:8      | Reached skill level 5 in Short Blades
  6639 | D:8      | Noticed a two-headed ogre
  6648 | D:8      | Killed a two-headed ogre
  7466 | D:10     | Entered Level 10 of the Dungeon
  7469 | D:10     | Noticed a two-headed ogre
  7477 | D:10     | Killed a two-headed ogre
  7478 | D:10     | Reached XP level 11. HP: 77/77 MP: 23/23
  7590 | D:10     | Found Jeit's Magic Scroll Shoppe.
  7608 | D:10     | Bought a scroll of brand weapon for 142 gold pieces
  7806 | D:10     | Reached *** piety under Ashenzari
  8123 | D:10     | Found a staircase to the Orcish Mines.
  8525 | D:11     | Noticed Jeffwins's ghost (novice VSHs)
  8584 | D:11     | Noticed a two-headed ogre
  8589 | D:11     | Killed a two-headed ogre
  8727 | D:11     | Reached **** piety under Ashenzari
  8939 | D:11     | Noticed Lodul
  9013 | D:11     | Killed Lodul
  9177 | D:11     | Found a runed translucent gate.
  9177 | D:11     | Found a runed translucent gate.
  9178 | D:11     | Found a runed translucent gate.
  9178 | D:11     | Noticed a manticore
  9192 | D:11     | Killed a manticore
  9254 | D:11     | Noticed a fire dragon
  9256 | D:11     | Noticed a minotaur
  9346 | D:11     | Noticed a two-headed ogre
  9352 | D:11     | Killed a two-headed ogre
  9650 | D:11     | Found a staircase to the Lair.
  9971 | D:12     | Noticed a boulder beetle
  9998 | D:12     | Killed a boulder beetle
  9999 | D:12     | Reached XP level 12. HP: 86/87 MP: 26/26
 10026 | D:12     | Noticed a boulder beetle
 10041 | D:12     | Noticed a two-headed ogre
 10052 | D:12     | Killed a two-headed ogre
 10057 | D:12     | Killed a boulder beetle
 10197 | D:12     | Learned a level 3 spell: Tukima's Dance
 10977 | D:13     | Noticed a centaur warrior
 10988 | D:13     | Killed a centaur warrior
 11104 | D:9      | Bought a scroll of immolation for 56 gold pieces
 11207 | Lair:1   | Entered Level 1 of the Lair of Beasts
 11207 | Lair:1   | Found a glowing silver altar of Zin.
 11215 | Lair:1   | Learned a level 5 spell: Borgnjor's Vile Clutch
 11293 | Lair:1   | Reached skill level 1 in Necromancy
 11293 | Lair:1   | Reached skill level 1 in Earth Magic
 11603 | Lair:1   | Found a snail-covered altar of Cheibriados.
 11751 | Lair:1   | Noticed a death yak
 11752 | Lair:1   | Noticed a death yak
 11754 | Lair:1   | Noticed a death yak
 11756 | Lair:1   | Noticed a death yak
 11758 | Lair:1   | Noticed a death yak
 11772 | Lair:1   | Killed a death yak
 11779 | Lair:1   | Killed a death yak
 11787 | Lair:1   | Killed a death yak
 11788 | Lair:1   | Killed a death yak
 11794 | Lair:1   | Killed a death yak
 11997 | Lair:1   | Reached XP level 13. HP: 74/95 MP: 27/27
 12104 | Lair:1   | Found a runed translucent gate.
 12104 | Lair:1   | Found a runed translucent gate.
 12104 | Lair:1   | Found a runed translucent gate.
 12105 | Lair:1   | Noticed BigPumpCobain's ghost (journeyman MiFi)
 12581 | Lair:2   | Found a staircase to the Swamp.
 13127 | Lair:2   | Reached skill level 5 in Earth Magic
 13137 | Lair:2   | Reached skill level 5 in Necromancy
 13142 | Lair:2   | Reached skill level 10 in Dodging
 14300 | Lair:2   | Reached skill level 10 in Fighting
 14334 | Lair:3   | Reached ***** piety under Ashenzari
 15453 | Lair:3   | Found a staircase to the Snake Pit.
 15759 | Lair:4   | Found a staircase to the Slime Pits.
 15759 | Lair:4   | Found a viscous altar of Jiyva.
 15830 | Lair:4   | Reached skill level 10 in Short Blades
 16015 | Lair:4   | Reached skill level 5 in Shapeshifting
 16227 | Lair:4   | Reached XP level 14. HP: 104/104 MP: 28/28
 17246 | Lair:5   | Entered Level 5 of the Lair of Beasts
 18512 | Lair:5   | Noticed Urug
 18525 | Lair:5   | Killed Urug
 20500 | D:13     | Found a gate to the Vaults.
 20510 | D:13     | Reached XP level 15. HP: 111/111 MP: 29/29
 21419 | Orc:1    | Entered Level 1 of the Orcish Mines
 22174 | Orc:2    | Entered Level 2 of the Orcish Mines
 23934 | Orc:2    | Found Sakhleam's Armour Shop.
 23934 | Orc:2    | Found Zuxeik's Weapon Shop.
 23935 | Orc:2    | Found Ehopounn's Magic Scroll Shop.
 23935 | Orc:2    | Found Veipsyasa's Antique Armour Boutique.
 23950 | Orc:2    | Bought a scroll of silence for 114 gold pieces
 23997 | Orc:2    | Found Owko Bam's Antique Armour Shoppe.
 24098 | Orc:2    | Found a staircase to the Elven Halls.
 24146 | Orc:2    | Bought an embroidered hat for 203 gold pieces
 25991 | D:15     | Entered Level 15 of the Dungeon
 26680 | D:15     | Found a shimmering altar of Xom.
 27098 | D:15     | Found a staircase to the Depths.
 27110 | D:15     | Reached XP level 16. HP: 120/120 MP: 31/31
 29090 | Snake:1  | Entered Level 1 of the Snake Pit
 29194 | Snake:1  | Learned a level 5 spell: Yara's Violent Unravelling
 29413 | Snake:1  | Reached skill level 1 in Hexes
 29413 | Snake:1  | Reached skill level 1 in Transmutations
 29499 | Snake:1  | Noticed a nagaraja
 29505 | Snake:1  | Killed a nagaraja
 29700 | Snake:1  | Found Eyemet's Eclectic Emporium.
 29709 | Snake:1  | Bought a potion of experience for 700 gold pieces
 29709 | Snake:1  | Bought a scroll of enchant armour for 105 gold pieces
 29709 | Snake:1  | Bought a scroll of enchant weapon for 105 gold pieces
 29713 | Snake:1  | Reached XP level 17. HP: 126/126 MP: 33/33
 29720 | Snake:1  | Learned a level 5 spell: Arcjolt
 29887 | Snake:1  | Reached skill level 1 in Shields
 30771 | Snake:2  | Identified the Folio of Lofty Movement
 31786 | Snake:2  | Noticed Asterion
 31806 | Snake:2  | HP: 5/126 [Asterion/+2 spectral demon whip (31)]
 31813 | Snake:2  | Killed Asterion
 33090 | Snake:3  | Reached ****** piety under Ashenzari
 33185 | Snake:3  | Noticed Mara
 33553 | Snake:3  | Noticed croobank's illusion
 33847 | Snake:2  | Noticed croobank's illusion
 34159 | Snake:2  | Noticed croobank's illusion
 34170 | Snake:2  | Killed Mara
 34349 | Snake:3  | Identified the ring "Fuemegum" {Fly rCorr Str+3 Int+6
                  | Dex+3}
 34924 | Snake:3  | Noticed Vashnia
 35298 | Snake:3  | Reached skill level 5 in Conjurations
 35298 | Snake:3  | Reached skill level 5 in Air Magic
 35298 | Snake:3  | Reached XP level 18. HP: 95/134 MP: 3/34
 35327 | Snake:3  | Killed Vashnia
 35791 | Snake:3  | Reached skill level 5 in Shields
 36093 | Snake:3  | Found an ancient bone altar of Kikubaaqudgha.
 36251 | Snake:4  | Entered Level 4 of the Snake Pit
 36271 | Snake:4  | Identified the serpent talisman of Spaghetti {Int+6}
 36271 | Snake:4  | Noticed Aizul
 36292 | Snake:3  | Killed Aizul
 36297 | Snake:3  | HP: 6/134 [poisoned by Aizul (bolt of poison)]
 39912 | Snake:4  | Got a serpentine rune of Zot
 40400 | Snake:3  | Identified the cursed +2 hat "Insecurity of Ashenzari"
                  | {Fort, Bglg} (You found it on level 3 of the Lair of
                  | Beasts)
 40541 | Swamp:1  | Entered Level 1 of the Swamp
 40541 | Swamp:1  | Noticed Josephine
 41714 | Swamp:1  | Killed Josephine
 43006 | Swamp:1  | Reached skill level 5 in Unarmed Combat
 44595 | Swamp:3  | Reached XP level 19. HP: 141/141 MP: 30/35
 44719 | Swamp:3  | Reached skill level 10 in Shapeshifting
 45254 | Swamp:3  | Noticed Donald
 45262 | Swamp:3  | Killed Donald
 46090 | Swamp:4  | Entered Level 4 of the Swamp
 50262 | Swamp:4  | Learned a level 1 spell: Apportation
 50263 | Swamp:4  | Got a decaying rune of Zot
 51054 | D:11     | Killed Jeffwins's ghost
 51251 | Lair:1   | Killed BigPumpCobain's ghost
 51370 | Lair:1   | Identified the cursed +9 dagger of the Bound Polytheism
                  | {drain, Cun, Elem} (You took it off a goblin on level 3 of
                  | the Dungeon)
 51370 | Lair:1   | Identified the cursed +4 kite shield "Shattered Together"
                  | {AC+3, Bglg, Melee} (You took it off a tengu warrior on
                  | level 14 of the Dungeon)
 51712 | Elf:1    | Entered Level 1 of the Elven Halls
 51712 | Elf:1    | Found a runed translucent gate.
 51712 | Elf:1    | Found a runed translucent gate.
 51712 | Elf:1    | Found a runed translucent gate.
 51712 | Elf:1    | Found a runed translucent gate.
 51712 | Elf:1    | Found a runed translucent gate.
 51712 | Elf:1    | Found a runed translucent gate.
 51718 | Elf:1    | Found a runed translucent door.
 51734 | Elf:1    | Found a runed translucent door.
 51757 | Abyss:2  | Cast into level 2 of the Abyss (a deep elf demonologist)
 51775 | Elf:1    | Escaped the Abyss
 51805 | Elf:1    | Found a flickering gateway to a bazaar.
 51839 | Bazaar   | Entered a bazaar
 51846 | Bazaar   | Found Soni's General Store.
 51874 | Bazaar   | Found Toiruwk's Armour Shoppe.
 52156 | Bazaar   | Found Vynommefi's Distillery.
 52183 | Bazaar   | Found Zetoec's Armour Boutique.
 52208 | Bazaar   | Bought a potion of berserk rage for 55 gold pieces
 52208 | Bazaar   | Bought a potion of curing for 33 gold pieces
 52224 | Bazaar   | Bought a potion of cancellation for 112 gold pieces
 52224 | Bazaar   | Bought a potion of heal wounds for 70 gold pieces
 52224 | Bazaar   | Bought 2 potions of heal wounds for 140 gold pieces
 52224 | Bazaar   | Bought a potion of invisibility for 112 gold pieces
 52224 | Bazaar   | Bought a potion of might for 56 gold pieces
 52224 | Bazaar   | Bought 2 potions of mutation for 224 gold pieces
 52224 | Bazaar   | Bought a potion of berserk rage for 70 gold pieces
 52224 | Bazaar   | Bought a potion of resistance for 140 gold pieces
 52358 | Elf:1    | Identified the +1 chain mail of Racvie Moigo {rElec Stlth+}
 53131 | Elf:1    | Identified the Incunable of the Missiles
 53132 | Elf:1    | Identified the +1 ring mail of the Tormentor {rElec rPois
                  | Regen+ Str-5}
 54151 | Elf:2    | Noticed Roxanne
 54166 | Elf:2    | Killed Roxanne
 54432 | Elf:2    | Found a huge runed translucent gate.
 54432 | Elf:2    | Found a huge runed translucent gate.
 54453 | Elf:2    | Found a huge runed translucent gate.
 54521 | Elf:2    | Found an ancient bone altar of Kikubaaqudgha.
 54847 | Elf:2    | Found a huge runed translucent gate.
 54847 | Elf:2    | Found a huge runed translucent gate.
 55354 | Elf:2    | Reached skill level 10 in Unarmed Combat
 55381 | Elf:2    | Reached XP level 20. HP: 151/151 MP: 9/36
 55966 | Elf:2    | Reached skill level 15 in Fighting
 56106 | Elf:2    | Reached skill level 15 in Dodging
 56383 | Elf:3    | Entered Level 3 of the Elven Halls
 56827 | Elf:3    | Found Cemiuxt's Jewellery Shop.
 56828 | Elf:3    | Found Paefap's Book Shoppe.
 56828 | Elf:3    | Found Paaprif's Book Shoppe.
 57056 | Elf:3    | Found a runed translucent gate.
 57057 | Elf:3    | Found a runed translucent gate.
 57060 | Elf:3    | Noticed pigah's ghost (adept OpSh)
 57066 | Elf:3    | Identified the ring "Eloco" {rPois rF+ rC+ Will+}
 57068 | Elf:3    | Found a runed translucent gate.
 57069 | Elf:3    | Identified the +2 pair of gloves of the Tormentor {Slay+6}
 57091 | Abyss:4  | Cast into level 4 of the Abyss (a deep elf sorcerer)
 57184 | Elf:3    | Escaped the Abyss
 58807 | Elf:3    | Identified the +6 hand axe of Foul Odours {heavy, +Blink
                  | rC+ Str+3}
 58899 | Elf:3    | Killed from afar by a deep elf annihilator

Illustrated notes

Levels and vault maps discovered:
D:1:      dpeg_arrival_houses_and_road, layout_rooms
D:2:      layout_basic
D:3:      layout_basic, hellmonk_ecumenical_altar_pennies_from_heaven,
          portal_sewer_entry_a, st_stairs_5, minmay_misc_feat_tiny
D:4:      layout_cave_pools, minmay_temple_entry_tees,
          nicolae_inconvenience_store
D:5:      layout_basic, nicolae_ru_awakened_eye, enter_ossuary_1,
          minmay_misc_feat_encased
D:6:      layout_cave_pools
D:7:      wander_guarded_unrand_ratskin, layout_basic, uniq_menkaure,
          uniq_joseph
D:8:      layout_cave_pools, uniq_jeremiah
D:9:      layout_roguey, serial_shops, nicolae_shop_hallway_stairs, st_stairs_6
D:10:     layout_loops_ring, david_orc_1_choice, serial_shops, shop
D:11:     layout_irregular_city, david_lair_shrubbed,
          maelrawn_ghost_gauntlet_escape, uniq_lodul
D:12:     layout_irregular_city, minivault_1, minmay_crystal_room
D:13:     layout_loops_ring, hangedman_vaults_entry_quadrant_bands,
          serial_rivers, chequers_serial_rivers_micro_e,
          chequers_serial_rivers_micro_a, chequers_serial_rivers_room_a,
          chequers_serial_rivers_small_3, chequers_serial_rivers_large_a,
          chequers_serial_rivers_large_b, minivault_27
D:14:     layout_big_octagon, infiniplex_staircase_pillars_1
D:15:     grunt_enter_depths_snipers, layout_long_grid, lemuel_crystal_altar,
          nicolae_splish_splash
Temple:   regret_index_temple_sigil_plot
Lair:1:   layout_gridlike, gammafunk_ghost_necromancy, basic_altar,
          kennysheep_snail_temple
Lair:2:   layout_cave_pods, swamp_mist
Lair:3:   layout_hall_layers, guppyfry_snake_entry_island, beast_lair_carwin_10,
          serial_bayou_shore_a
Lair:4:   layout_layer_cave, slime_entry_1, columned_hall_lemuel
Lair:5:   gammafunk_lair_ancient_temple, layout_misc_corridors, uniq_urug
Swamp:1:  layout_basic_swamp, evilmike_swamp_ruin_wall, uniq_josephine
Swamp:2:  layout_falls_marsh, nicolae_swamp_stuck_in_the_mud, swamp_pool_1_2
Swamp:3:  layout_basic_swamp, evilmike_swamp_ruin_house_5, swamp_pool_3,
          nicolae_swamp_some_circles, nicolae_swamp_little_tower, uniq_donald
Swamp:4:  swamp_fiery, layout_basic_swamp, swamp_pool_1_2, grunt_ruined_hall
Snake:1:  layout_misc_corridors, nicolae_alphabet_shops, grunt_megastairs_2
Snake:2:  layout_chambers, uniq_asterion
Snake:3:  layout_grid_maze, basic_altar, st_stairs_13, uniq_vashnia, uniq_mara
Snake:4:  minmay_snake_end_coiled, layout_onion_interference, uniq_aizul
Orc:1:    layout_caves, minmay_orc_keep
Orc:2:    st_orc_pillars, layout_diamond_mine, serial_shops,
          nicolae_shop_tiny_statue_garden
Elf:1:    nicolae_elf_arrival_dilemma, layout_loops_cross, serial_shops,
          bzr_entry_islet, minmay_elf_annihilation
Elf:2:    elven_hall_of_blades_hangedman_alternative
          [nicolae_blade_entry_pointy_end], layout_geoelf_grid, basic_altar,
          uniq_roxanne
Elf:3:    minmay_elf_hall_not_hex, layout_loops_corners,
          gammafunk_ghost_tricky_traps, minmay_shop_grove

Skill      XL: |  1  2  3  4  5  6  7  8  9 10 11 12 13 14 15 16 17 18 19 20 |
---------------+-------------------------------------------------------------+-----
Fighting       | 2 3 4 5 6 8 9 10 11 12 13 14 15 | 15.3
Shapeshifting  | 4 5 6 7 8 9 11 | 11.7
Dodging        | 3 4 5 6 8 9 10 11 12 13 14 15 | 15.3
Short Blades   | 1 2 3 4 6 7 9 10 11 12 | 12.2
Spellcasting   | 2 4 5 7 8 9 |  9.8
Translocations | 2 4 6 7 |  7.5
Necromancy     | 3 6 8 |  8.7
Earth Magic    | 4 7 8 |  8.8
Hexes          | 1 3 4 |  4.5
Transmutations | 1 3 4 |  4.4
Conjurations   | 3 5 6 |  6.0
Air Magic      | 3 5 6 |  6.0
Shields        | 4 6 |  6.4
Unarmed Combat | 6 10 11 | 11.4

Action                     |  1- 3 |  4- 6 |  7- 9 | 10-12 | 13-15 | 16-18 | 19-21 || total
---------------------------+-------+-------+-------+-------+-------+-------+-------++-------
  Melee: Unarmed           |    59 |       |       |       |       |   214 |   696 ||   969
         Tentacles         |    13 |    24 |    67 |   131 |   390 |   269 |    14 ||   908
         Constrict         |    11 |    28 |    56 |    46 |   140 |    74 |    96 ||   451
         Punch             |     1 |     2 |     3 |    25 |   107 |    72 |       ||   210
         Dagger            |     3 |   137 |   235 |   516 |  1226 |   958 |       ||  3075
  Throw: Throwing net      |       |       |       |     1 |       |       |       ||     1
   Cast: Manifold Assault  |       |       |       |    51 |    57 |   190 |   215 ||   513
         Borgnjor's Vile C |       |       |       |       |    38 |    16 |     9 ||    63
         Tukima's Dance    |       |       |       |       |    17 |     9 |       ||    26
         Yara's Violent Un |       |       |       |       |       |    19 |     8 ||    27
         Arcjolt           |       |       |       |       |       |     6 |    11 ||    17
         Apportation       |       |       |       |       |       |       |     1 ||     1
         Blink             |       |       |       |       |       |       |     1 ||     1
 Invoke: Curse Item        |       |     1 |     3 |     4 |     2 |     3 |       ||    13
         Shatter the Chain |       |       |       |       |       |     1 |       ||     1
  Evoke: Wand              |       |       |       |     1 |    15 |     4 |     2 ||    22
         Phial of floods   |       |       |       |       |       |     1 |     1 ||     2
         Lightning rod     |       |       |       |       |       |       |     4 ||     4
    Use: Scroll            |     1 |     8 |     8 |     4 |     8 |    14 |     8 ||    51
         Potion            |       |       |     3 |     2 |     6 |     7 |     8 ||    26
   Stab: Sleeping          |     5 |     9 |     8 |     3 |    20 |     5 |       ||    50
         Distracted        |       |       |       |     1 |     1 |       |       ||     2
 Armour: Skin              |    21 |    44 |    69 |    83 |   236 |   203 |   188 ||   844
  Dodge: Dodged            |    24 |    83 |   166 |   227 |   789 |   693 |   495 ||  2477
  Block: Other             |       |       |       |    16 |   158 |    77 |    65 ||   316
         Reflection        |       |       |       |       |     7 |    73 |     2 ||    82
         Kite shield       |       |       |       |       |       |   371 |       ||   371
   Form: Beast             |       |       |       |       |     2 |       |       ||     2
                           |       |       |       |       |     1 |       |       ||     1
         Anaconda          |       |       |       |       |       |     1 |     1 ||     2
         Flux              |       |       |       |       |       |       |     1 ||     1

Table legend: (Time is in decaauts)
 A = Elapsed time spent in this place.
 B = Non-inter-level travel time spent in this place.
 C = Inter-level travel time spent in this place.
 D = Time resting spent in this place.
 E = Time spent auto-exploring this place.
 F = Levels seen in this place.
 G = Mean time per level.
                   A        B        C        D        E       F      G
               +--------+--------+--------+--------+--------+-----+--------+
         Total |  57426 |  54087 |   3339 |  23402 |  21809 |  39 | 1472.5 |
       Dungeon |  17256 |  15369 |   1887 |   3793 |   8677 |  15 | 1150.4 |
        Temple |     24 |     13 |     11 |      0 |      0 |   1 |   24.0 |
          Lair |  10247 |   9361 |    886 |   3298 |   4759 |   5 | 2049.4 |
         Swamp |   8469 |   8390 |     79 |   5443 |   1946 |   4 | 2117.2 |
     Snake Pit |  11074 |  10895 |    179 |   5983 |   3270 |   4 | 2768.5 |
  Orcish Mines |   2673 |   2510 |    163 |   1063 |    970 |   2 | 1336.5 |
   Elven Halls |   6543 |   6411 |    132 |   3579 |   1857 |   3 | 2181.0 |
         Abyss |    100 |    100 |      0 |      0 |      0 |   2 |   50.0 |
        Bazaar |    393 |    393 |      0 |      0 |    297 |   1 |  393.0 |
         Sewer |    230 |    230 |      0 |    100 |     12 |   1 |  230.0 |
       Ossuary |    411 |    411 |      0 |    140 |     21 |   1 |  411.0 |
               +--------+--------+--------+--------+--------+-----+--------+

Top non-repeatable levels by time:
 Swamp:3: 4209 daAuts
  Lair:2: 3678 daAuts
 Snake:2: 3414 daAuts
 Snake:4: 2830 daAuts
 Snake:3: 2728 daAuts
   Elf:3: 2377 daAuts
   Elf:2: 2244 daAuts
    D:14: 2219 daAuts
 Snake:1: 2101 daAuts
    D:13: 2055 daAuts
    D:15: 2020 daAuts
    D:11: 1999 daAuts
   Elf:1: 1922 daAuts
 Swamp:4: 1817 daAuts
  Lair:4: 1720 daAuts
